AoeStats
← ForgeableSum

Arabia

509815717Analyzed
1v1 RM · 5d ago on Sep 28, 2026· 31m 29s· 2 players
Game mode
Random Map
Map size
Tiny (2 player)
Population
200
Speed
Normal
Resources
Standard
Victory
Conquest
Starting age
Dark Age
Ending age
Imperial Age
RankedLock teamsTeams togetherTeam positionsShared explorationLock speedFull tech treeHidden civsTurbo modeCheats
Victory
Defeat
🇺🇸 Italians · United States
1424
+15
🇵🇪 Persians · Peru
1392
-15
ZEAN430
4:56 Loom
11:17 Feudal Age
16:32 Castle Age
22:42 Wheelbarrow
22:23 Scale Barding Armor
22:28 Forging
24:00 Bloodlines
23:50 Husbandry
28:45 Husbandry
31:35 Gold Mining
31:32 Double-Bit Axe
ForgeableSum
7:08 Loom
9:37 Feudal Age
15:08 Double-Bit Axe
15:38 Fletching
16:58 Padded Archer Armor
21:05 Castle Age
19:42 Gold Mining
20:22 Padded Archer Armor
21:08 Crossbowman
22:11 Bodkin Arrow
30:09 Bow Saw
Connection lost

Rejoining the realm…

Still unreachable

The connection could not be restored.

Session expired

The server has moved on; the page needs a fresh start.